 Dungeon Crawl Stone Soup version 0.28-a0-938-gbc3f381ebc (webtiles) character file.

Game seed: 6284120743325443599

93 cheechan the Grave Robber (level 4, 0/27 HPs)
             Began as an Octopode Necromancer on Nov 28, 2021.
             Succumbed to an adder's poison
             ... on level 3 of the Dungeon on Nov 29, 2021.
             The game lasted 00:13:58 (3312 turns).

cheechan the Grave Robber (Octopode Necromancer)    Turns: 3312, Time: 00:13:59

Health: 0/27       AC:  1    Str:  7    XL:     4   Next: 62%
Magic:  2/8        EV: 13    Int: 17    God:
Gold:   80         SH:  0    Dex: 13    Spells: 4/9 levels left

rFire   . . .      SeeInvis .   l - +0 hunting sling
rCold   . . .      Faith    .   (no shield)
rNeg    . . .      Spirit   .   (helmet restricted)
rPois   .          Reflect  .   (no amulet)
rElec   .          Harm     .   (no ring)
rCorr   .          Rampage  .   (no ring)
Will    .....                   (no ring)
Stlth   +++.......              (no ring)
HPRegen 0.09/turn               (no ring)
MPRegen 0.11/turn               (no ring)
                                (no ring)
                                (no ring)

@: lethally poisoned (0 -> -1)
A: almost no armour, amphibious, 8 rings, camouflage 1, gelatinous body 1,
(nimble swimmer 1), tentacles
a: no special abilities


You were on level 3 of the Dungeon.
You visited 1 branch of the dungeon, and saw 3 of its levels.

You collected 80 gold pieces.

Inventory:

Hand Weapons
 f - a +1 dagger of electrocution
 g - a +1 dagger of venom
 l - a +0 hunting sling (weapon)
Missiles
 c - 11 arrows
 e - 109 bolts
Scrolls
 i - a scroll of teleportation
 m - a scroll of enchant weapon
 o - a scroll of identify
Potions
 a - a potion of haste
 b - a potion of berserk rage
 d - a potion of brilliance {unknown}
 h - a potion of attraction {unknown}
 j - a potion of experience {unknown}
 k - a potion of mutation {unknown}


   Skills:
 + Level 0.4 Fighting
 + Level 0.2 Short Blades
 + Level 0.6 Maces & Flails
 + Level 2.4 Dodging
 + Level 3.2 Stealth
 + Level 3.0 Spellcasting
 + Level 4.7 Necromancy


You had 4 spell levels left.
You knew the following spells:

 Your Spells              Type           Power      Damage    Failure   Level
a - Pain                  Necr           72%        1d7       2%          1
b - Animate Skeleton      Necr           36%        N/A       2%          1
c - Vampiric Draining     Necr           18%        2d7       8%          3

Your spell library contained the following spells:

 Spells                   Type           Power      Damage    Failure   Level
 Slow                     Hex            8%         N/A       17%         1
 Animate Dead             Necr           9%         N/A       26%         4
 Confusing Touch          Hex            2%         N/A       45%         3
 Leda's Liquefaction      Hex/Erth       1%         N/A       86%         4
 Agony                    Necr           18%        N/A       56%         5
 Lee's Rapid Deconstruct  Erth           1%         3d5*      99%         5
 Yara's Violent Unravell  Hex/Tmut       1%         3d3       99%         5
 Statue Form              Tmut/Erth      1%         N/A       100%        6


Dungeon Overview and Level Annotations

Branches:
Dungeon (3/15)

Altars:
The Shining One

Shops:
D:2 (   D:3 !


Innate Abilities, Weirdness & Mutations

You cannot wear most types of armour.
You are amphibious.
You can wear up to eight rings at the same time.
Your skin changes colour to match your surroundings (Stealth+).
Your rubbery body absorbs attacks. (AC +1, EV +1)
((You are camouflaged near water. (Stealth+)))
You have tentacles for arms and can constrict up to eight enemies at once.


Message History

The adder is heavily wounded.
Casting: Pain (safe; 2% risk of failure)
Confirm with . or Enter, or press ? or * to list all spells.
Aiming: Pain (safe; 2% risk of failure)
Press: ? - help, Shift-Dir - straight line, f/p - adder
Aim: an adder (heavily wounded, chance to affect: 84%)
The adder barely resists.
Really attack while wielding your +0 hunting sling?
Okay, then.
Casting: Pain (safe; 2% risk of failure)
Confirm with . or Enter, or press ? or * to list all spells.
Aiming: Pain (safe; 2% risk of failure)
Press: ? - help, Shift-Dir - straight line, f/p - adder
Aim: an adder (heavily wounded, chance to affect: 84%)
The adder barely resists.
The adder bites you.
You are poisoned.
The adder poisons you!
Casting: Pain (safe; 2% risk of failure)
Confirm with . or Enter, or press ? or * to list all spells.
Aiming: Pain (safe; 2% risk of failure)
Press: ? - help, Shift-Dir - straight line, f/p - adder
Aim: an adder (heavily wounded, chance to affect: 84%)
The adder writhes in agony.
You feel sick. The adder bites you.
* * * LOW HITPOINT WARNING * * *
The adder bites you.
* * * LOW HITPOINT WARNING * * *
Casting: Pain (safe; 2% risk of failure)
Confirm with . or Enter, or press ? or * to list all spells.
You don't have enough magic to cast this spell.
* * * LOW HITPOINT WARNING * * *
You feel sick.
Casting: Pain (safe; 2% risk of failure)
Confirm with . or Enter, or press ? or * to list all spells.
There is nothing nearby to animate!
Casting: Animate Skeleton (safe; 2% risk of failure)
Confirm with . or Enter, or press ? or * to list all spells.
You don't have enough magic to cast this spell.
* * * LOW HITPOINT WARNING * * *
You feel sick.
You die...

#...........≈≈≈..#
#......###.≈≈≈≈≈.#
#......# #.≈≈_≈≈.#
.......###.≈≈.≈≈.####
#......##..≈≈.≈≈.....
####.####..≈≈.≈≈..###
#.#.....≈...≈..#
#.#.....≈.8.≈..#
#.#......)...@.#
#........##....#
##........#..S.#
#........'....# ####
#........#....#
..#######
....................
#.#......
##....####.##.....$#
#.#.##### #....#
#.##.(##.## #.#.#..)#
#..... #.##... ..#
#.......#


You could see an adder.

Vanquished Creatures
  2 adders
  A dart slug (D:1)
  A worm (D:2)
  5 orcs (D:3)
  7 bats
  8 endoplasms
  3 giant cockroaches (D:1)
  5 goblins
  2 hobgoblins
  2 jackals (D:2)
  3 quokkas (D:1)
  4 ball pythons
  4 frilled lizards
  7 kobolds
  A quokka skeleton (D:2)
  6 rats
61 creatures vanquished.

Vanquished Creatures (others)
  5 fungi (D:2)
  5 plants (D:2)
10 creatures vanquished.

Grand Total: 71 creatures vanquished

Notes
Turn   | Place    | Note
-------+----------+-------------------------------------------
     0 | D:1      | cheechan the Octopode Necromancer began the quest for the
                  | Orb.
     0 | D:1      | Reached XP level 1. HP: 11/11 MP: 3/3
    22 | D:1      | Learned a level 1 spell: Animate Skeleton
   326 | D:1      | Reached XP level 2. HP: 10/17 MP: 0/5
   954 | D:1      | Reached XP level 3. HP: 12/21 MP: 2/6
  1600 | D:1      | Learned a level 3 spell: Vampiric Draining
  1945 | D:2      | Found a faded altar of an unknown god.
  2121 | D:2      | Found Nuptyif's Antique Weapon Shoppe.
  2404 | D:2      | Reached XP level 4. HP: 10/27 MP: 5/8
  3020 | D:3      | Found Zunear's Distillery.
  3205 | D:3      | Found a glowing golden altar of the Shining One.
  3311 | D:3      | HP: 1/27 [poisoned by an adder]
  3312 | D:3      | Succumbed to an adder's poison

Illustrated notes

Levels and vault maps discovered:
D:1:      co_arrival_square_in_a_square_in_a_square, layout_loops_corners,
          minmay_small_reverse_x
D:2:      layout_basic, shapermc_ecumenical_altar_mp_urbaneastern, serial_shops,
          nicolae_shop_overgrown_old_shop, st_stairs_9
D:3:      layout_basic, mainiacjoe_overflow_catwalk, serial_shops,
          nicolae_shop_crystal

Skill      XL: |  1  2  3  4 |
---------------+-------------+-----
Stealth        | 3 |  3.2
Spellcasting   | 3 |  3.0
Fighting       | |  0.4
Short Blades   | |  0.2
Maces & Flails | |  0.6
Dodging        | |  2.4
Necromancy     | |  4.7

Action                   |  1- 3 |  4- 6 || total
-------------------------+-------+-------++-------
Melee: Whip              |    36 |       ||    36
       Constrict         |    13 |     1 ||    14
       Dagger            |    23 |     1 ||    24
       Tentacles         |     7 |       ||     7
 Fire: Hunting sling     |       |     6 ||     6
 Cast: Pain              |    47 |    33 ||    80
       Animate Skeleton  |     5 |     1 ||     6
       Vampiric Draining |       |     1 ||     1
  Use: Scroll            |     7 |     1 ||     8
Armor: Skin              |     5 |     2 ||     7
Dodge: Dodged            |    40 |     4 ||    44

Table legend: (Time is in decaauts)
 A = Elapsed time spent in this place.
 B = Non-inter-level travel time spent in this place.
 C = Inter-level travel time spent in this place.
 D = Time resting spent in this place.
 E = Time spent auto-exploring this place.
 F = Levels seen in this place.
 G = Mean time per level.
                   A        B        C        D        E       F      G
               +--------+--------+--------+--------+--------+-----+--------+
         Total |   3313 |   3313 |      0 |    894 |      0 |   3 | 1104.3 |
       Dungeon |   3313 |   3313 |      0 |    894 |      0 |   3 | 1104.3 |
               +--------+--------+--------+--------+--------+-----+--------+

Top non-repeatable levels by time:
     D:1: 1762 daAuts
     D:2: 1056 daAuts
     D:3: 495 daAuts
